Map: Divergence LE

Players

Massa - Winner!

  • Race: Terran Terran
  • League: Gold
  • Spawn Location: 5:00

qqq - Winner!

  • Race: Zerg Zerg
  • League: Platinum
  • Spawn Location: 5:00

Sygma

  • Race: Protoss Protoss
  • League: Platinum
  • Spawn Location: 11:00

umD

  • Race: Zerg Zerg
  • League: Platinum
  • Spawn Location: 11:00

VOD

Have the link to the VOD?

Description

Time

  • Played on: May 19, 2020, 3:23 p.m.
  • Length: 10:47
Show
View Real Time Build Order
Export as new Build Order

Massa Terran - Winner!

Build Orders:  

Get SALT Encoding   

  12  0:13  SCV, Supply Depot  
  13  0:26  SCV  
  14  0:35  Barracks  
  14  0:49  SCV  
  15  0:51  Supply Depot  
  15  1:01  SCV  
  16  1:13  Refinery, SCV  
  16  1:15  Refinery  
  17  1:25  SCV  
  17  1:32  Barracks  
  18  1:39  Marine  
  19  1:46  Barracks  
  19  2:04  SCV  
  20  2:10  Barracks  
  20  2:16  SCV  
  20  2:20  Marine  
  20  2:21  Marine  
  23  2:35  Marine  
  23  2:36  Supply Depot  
  24  2:38  Marine x2  
  26  2:52  Marine  
  26  2:56  Marine x2  
  29  3:08  Marine  
  29  3:10  Marine  
  31  3:14  Marine x2  
  31  3:17  Supply Depot  
  33  3:25  Marine  
  33  3:28  Marine  
  33  3:32  Marine x2  
  36  3:43  Marine  
  36  3:46  Marine  
  39  3:48  SCV, Supply Depot  
  39  3:50  Marine x2  
  41  4:01  Marine  
  42  4:04  Marine  
  42  4:07  Marine x2  
  45  4:19  Marine  
  45  4:21  Marine  
  47  4:25  Marine x2  
  47  4:37  Marine  
  48  4:39  Marine  
  48  4:43  Marine x2  
  50  4:54  Marine  
  50  4:57  Marine  
  39  5:01  Marine x2  
  39  5:03  Factory  
  35  5:12  Marine  
  36  5:19  Marine x2  
  36  5:20  Engineering Bay  
  38  5:21  Barracks Tech Lab  
  38  5:30  Marine  
  39  5:36  Marine  
  39  5:37  Marine  
  41  5:48  Marine  
  41  5:49  Marine  
  42  5:54  Marine x2  
  44  6:05  Bunker  
  44  6:06  Marine  
  44  6:07  Marine  
  43  6:12  Factory Tech Lab, Marine x2  
  45  6:24  Marine  
  45  6:25  Marine  
  46  6:30  Marine x2  
  49  6:35  Siege Tank  
  52  6:41  Terran Infantry Weapons Level 1  
  52  6:43  Marauder  
  52  6:45  Missile Turret  
  54  6:49  Orbital Command  
  54  6:57  Stimpack  
  54  7:12  Supply Depot  
  54  7:18  Supply Depot  
  54  7:21  Missile Turret  
  54  7:26  Marauder  
  48  7:44  Marine  
  48  7:45  Marine x2  
  48  7:48  Marauder  
  53  8:02  Marine  
  54  8:09  Marauder  
  56  8:30  Marauder  
  58  8:35  Terran Infantry Armor Level 1  
  58  8:37  Siege Tank, Combat Shield  
  61  9:00  Marauder, Marine x3  
  65  9:17  Marine  
  65  9:18  Marine x2  
  65  9:21  Marauder  
  64  9:35  Marine x2  
  64  9:36  Marine  
  66  9:43  Marauder  
  66  9:44  Command Center  
  64  9:53  Marine x3  
  67  10:03  Marine  
  68  10:11  Marine x3  
  70  10:21  SCV  
  70  10:23  Armory  
  70  10:27  Supply Depot  
  70  10:34  SCV  
Show
View Real Time Build Order
Export as new Build Order

qqq Zerg - Winner!

Build Orders: Hatch First 

Get SALT Encoding   

  12  0:07  Drone  
  12  0:08  Drone  
  14  0:40  Hatchery  
  13  0:51  Spawning Pool  
  12  0:58  Overlord  
  12  1:06  Drone  
  12  1:10  Drone  
  14  1:12  Extractor  
  14  1:14  Drone  
  14  1:21  Drone  
  15  1:31  Drone  
  16  1:44  Drone  
  16  1:45  Queen  
  19  1:52  Queen  
  21  1:56  Zergling x2  
  22  2:02  Drone  
  22  2:06  Drone  
  24  2:11  Zergling x2  
  25  2:22  Drone  
  26  2:28  Queen  
  28  2:42  Overlord  
  28  2:43  Overlord  
  28  2:45  Metabolic Boost  
  28  3:06  Zergling x10  
  28  3:07  Drone  
  28  3:08  Zergling x2  
  28  3:09  Drone  
  36  3:23  Zergling x6  
  39  3:30  Drone  
  39  3:31  Baneling Nest  
  39  3:32  Drone, Zergling x2  
  41  3:39  Zergling x2  
  41  3:40  Zergling x2  
  43  3:49  Zergling x2  
  43  3:51  Overlord  
  43  3:52  Overlord  
  42  4:25  Zergling x8  
  42  4:26  Zergling x6  
  42  4:27  Drone, Zergling x6  
  50  4:41  Zergling x2  
  50  4:49  Zergling x6  
  46  5:10  Drone x2  
  46  5:12  Zergling x4  
  50  5:17  Hatchery  
  50  5:19  Roach Warren  
  50  5:20  Lair  
  43  5:23  Zergling x4  
  43  5:24  Drone, Zergling x4  
  43  5:25  Zergling x2  
  48  5:41  Zergling x4  
  48  5:42  Zergling x4  
  42  5:51  Zergling x2  
  40  6:02  Roach  
  40  6:03  Roach x3  
  52  6:04  Roach x3  
  52  6:06  Zergling x2  
  54  6:14  Zergling x2  
  54  6:18  Glial Reconstitution  
  49  6:27  Evolution Chamber  
  46  6:35  Drone, Queen  
  49  6:40  Roach x2  
  49  6:42  Roach  
  49  6:43  Roach x2  
  59  6:47  Ravager x2  
  59  6:52  Overlord  
  59  6:53  Drone  
  62  6:55  Drone  
  62  6:57  Zergling x2  
  64  7:02  Drone x2  
  64  7:07  Overlord  
  66  7:12  Extractor, Drone x2  
  67  7:29  Zergling x6  
  69  7:30  Zergling x2, Roach  
  69  7:31  Roach x2  
  69  7:32  Zergling x2  
  69  7:35  Drone x2  
  77  7:41  Zerg Melee Weapons Level 1  
  77  7:42  Zergling x2  
  78  7:45  Zergling x2  
  78  7:46  Drone x2  
  81  8:00  Overlord x2  
  81  8:01  Overlord  
  81  8:17  Overlord  
  81  8:19  Zergling x4  
  85  8:20  Zergling x10  
  85  8:23  Ravager  
  85  8:25  Zergling x6  
  92  8:27  Roach x2  
  92  8:28  Roach  
  92  8:29  Drone  
  99  8:49  Roach x2  
  99  8:50  Zergling x4, Roach  
  99  8:51  Zergling x6  
  110  9:03  Drone  
  110  9:08  Roach  
  84  9:38  Roach x3  
  84  9:39  Roach x3  
  84  9:40  Zergling x12, Roach x3  
  84  9:41  Zergling x2  
  107  9:50  Roach  
  107  9:51  Zergling x2  
  99  10:04  Zergling x2  
  99  10:05  Zergling x2  
  91  10:11  Ravager x3  
  89  10:14  Zergling x6  
  89  10:15  Zergling x6  
  90  10:26  Zergling x2  
  90  10:27  Roach x2  
  92  10:28  Zergling x6  
  92  10:29  Zergling x8  
  92  10:45  Extractor  
Show
View Real Time Build Order
Export as new Build Order

Sygma Protoss 

Build Orders:  

Get SALT Encoding   

  12  0:02  Probe (Chrono Boost)  
  13  0:14  Probe (Chrono Boost)  
  14  0:18  Probe (Chrono Boost)  
  15  0:26  Pylon  
  15  0:44  Probe  
  15  0:47  Gateway  
  16  0:51  Forge  
  16  0:56  Assimilator  
  16  1:01  Probe (Chrono Boost)  
  17  1:13  Probe (Chrono Boost)  
  18  1:20  Probe (Chrono Boost)  
  19  1:36  Cybernetics Core  
  19  1:50  Pylon  
  19  1:55  Probe  
  20  2:05  Assimilator  
  20  2:07  Probe  
  21  2:11  Gateway  
  21  2:13  Warp Gate  
  21  2:15  Adept (Chrono Boost)  
  23  2:19  Probe  
  23  2:21  Photon Cannon  
  24  2:31  Probe  
  25  2:42  Adept (Chrono Boost)  
  25  2:43  Probe  
  26  2:49  Gateway  
  26  2:51  Pylon  
  28  2:53  Gateway  
  28  2:58  Pylon  
  28  3:09  Probe, Adept  
  28  3:11  Pylon  
  31  3:21  Adept  
  31  3:27  Pylon  
  33  3:29  Gateway  
  33  3:40  Pylon  
  33  3:55  Pylon  
  33  4:04  Photon Cannon  
  33  4:07  Stalker x2  
  33  4:09  Sentry  
  39  4:13  Adept  
  37  4:37  Stalker x3  
  43  4:40  Adept  
  43  4:55  Adept  
  43  5:01  Adept x2  
  47  5:33  Gateway  
  47  5:36  Nexus  
  39  5:50  Adept x3  
  33  6:35  Stalker  
  33  6:36  Adept  
  33  6:37  Adept  
  33  6:38  Adept  
  41  6:46  Pylon  
  41  6:52  Probe  
  41  6:53  Probe  
  43  6:55  Adept x2  
  47  7:04  Probe  
  47  7:05  Probe  
  49  7:09  Adept x2  
  53  7:17  Probe x2  
  47  7:45  Assimilator  
  47  7:46  Probe x2  
  47  7:50  Assimilator  
  49  7:54  Photon Cannon  
  49  7:58  Probe x2  
  51  8:02  Sentry  
  53  8:06  Stalker  
  53  8:09  Stalker  
  53  8:10  Probe x2  
  59  8:14  Stalker  
  59  8:17  Stalker  
  63  8:22  Probe (Chrono Boost), Stalker  
  63  8:26  Probe (Chrono Boost)  
  67  8:34  Probe (Chrono Boost)  
  68  8:38  Probe (Chrono Boost)  
  69  8:45  Twilight Council  
  69  9:08  Stalker x4  
  77  9:16  Stalker x2  
  48  9:38  Stalker x3  
  40  9:42  Stalker  
  40  9:43  Stalker x2  
  31  10:02  Stalker x3  
  31  10:06  Stalker  
  39  10:10  Adept  
  41  10:15  Sentry  
Show
View Real Time Build Order
Export as new Build Order

umD Zerg 

Build Orders: Hatch First 

Get SALT Encoding   

  12  0:01  Drone  
  13  0:15  Overlord  
  13  0:25  Drone  
  14  0:35  Drone x2  
  16  1:00  Hatchery  
  16  1:01  Drone  
  16  1:02  Extractor  
  16  1:03  Drone  
  16  1:05  Drone  
  17  1:22  Spawning Pool  
  16  1:29  Drone x2  
  18  1:34  Drone  
  19  1:48  Drone  
  20  1:55  Drone  
  20  1:57  Extractor  
  20  2:06  Overlord  
  20  2:15  Queen  
  22  2:16  Queen  
  22  2:18  Drone x2  
  26  2:25  Drone  
  27  2:32  Zergling x2  
  27  2:34  Zergling x2  
  29  2:38  Metabolic Boost  
  29  2:39  Drone  
  30  2:50  Roach Warren  
  29  2:53  Drone x2  
  31  3:10  Drone  
  31  3:11  Overlord x2  
  31  3:12  Drone  
  33  3:27  Overlord  
  33  3:28  Overlord x2  
  35  3:34  Roach  
  35  3:43  Lair  
  35  3:45  Roach  
  39  3:48  Roach  
  39  3:53  Roach  
  41  4:03  Spine Crawler  
  41  4:04  Spine Crawler  
  39  4:11  Spine Crawler  
  30  4:19  Roach x2  
  30  4:20  Roach  
  35  4:30  Roach x3  
  35  4:31  Roach  
  40  4:41  Drone x2  
  40  4:57  Roach x2  
  36  5:07  Roach x4  
  42  5:37  Hatchery  
  39  5:48  Overlord, Roach x3  
  45  5:58  Overlord x2  
  43  6:28  Roach x3  
  49  6:41  Ravager  
  49  6:42  Ravager x2  
  49  6:46  Roach x3  
  58  6:50  Drone, Queen  
  61  7:05  Drone  
  61  7:06  Drone x2  
  64  7:16  Roach  
  64  7:17  Roach x3  
  65  7:35  Roach x4  
  73  7:41  Spine Crawler  
  72  7:45  Spine Crawler  
  72  7:49  Ravager x3  
  72  7:50  Ravager x2  
  76  7:52  Overlord  
  76  7:57  Overlord  
  76  8:10  Drone x2  
  76  8:11  Drone x3  
  81  8:25  Spore Crawler  
  80  8:33  Drone x2  
  80  8:34  Drone x2  
  84  8:35  Drone  
  85  8:41  Drone  
  85  8:42  Drone  
  87  8:57  Overlord x2  
  87  8:59  Drone x2  
  87  9:02  Drone  
  90  9:03  Drone  
  86  9:26  Roach x4  
  86  9:27  Roach x2  
  90  9:37  Roach x2  
  90  9:38  Roach x2  
  89  9:51  Roach  
  89  9:52  Roach x3  
  74  10:13  Roach x3  
  66  10:23  Roach x4  
Tags
 
Add a new tag
Caveats
  • Supply blocks, unpowered buildings, or Contaminate may cause inaccurate times.
  • Supply counts are checked every 10 seconds.